Map: Ruínas de Endion

Players

PwTFramos

  • Race: Zerg Zerg
  • League: Master

TheZergLord - Winner!

  • Race: Zerg Zerg
  • League: Master

VOD

Have the link to the VOD?

Description

Time

  • Played on: May 3, 2016, 9:51 a.m.
  • Length: 9:47
Show
View Real Time Build Order
Export as new Build Order

PwTFramos Zerg 

Build Orders: Hatch First, Zergling Baneling 

Get SALT Encoding   

  12  0:01  Drone  
  13  0:12  Overlord  
  13  0:18  Drone  
  14  0:31  Drone x2  
  14  0:35  Drone  
  17  0:52  Hatchery  
  17  0:54  Drone  
  17  0:57  Drone  
  18  1:09  Extractor  
  17  1:12  Spawning Pool  
  17  1:15  Drone  
  18  1:18  Drone  
  18  1:28  Drone  
  19  1:44  Overlord  
  19  1:51  Drone  
  20  1:59  Queen  
  22  2:02  Zergling x2  
  22  2:04  Queen  
  22  2:05  Drone  
  26  2:09  Metabolic Boost  
  26  2:11  Drone  
  27  2:17  Drone  
  28  2:24  Drone  
  28  2:29  Drone  
  30  2:33  Drone  
  31  2:40  Drone  
  32  2:44  Overlord  
  32  2:55  Baneling Nest  
  31  3:03  Zergling x6  
  34  3:08  Drone x2  
  34  3:09  Drone x3  
  39  3:13  Drone x3  
  42  3:20  Zergling x2  
  42  3:22  Overlord  
  42  3:25  Hatchery  
  42  3:34  Zergling x4  
  43  3:40  Overlord  
  43  3:41  Zergling x4  
  43  3:44  Drone  
  43  3:46  Baneling x2  
  43  3:47  Baneling x2  
  43  3:48  Zergling x8  
  48  3:50  Baneling x2  
  48  4:10  Baneling x2  
  48  4:11  Zergling x8, Baneling  
  48  4:12  Zergling x2  
  53  4:24  Zergling x6  
  50  4:26  Zergling x4  
  44  4:31  Zergling x2  
  44  4:32  Zergling x4  
  44  4:34  Baneling x3  
  46  4:42  Drone x2  
  46  4:43  Drone  
  49  4:50  Drone  
  49  4:51  Drone  
  50  5:01  Drone x2  
  50  5:02  Drone  
  50  5:05  Queen  
  50  5:06  Roach Warren  
  53  5:08  Queen  
  53  5:12  Drone x5  
  53  5:13  Drone  
  61  5:19  Extractor  
  60  5:23  Overlord, Baneling x5  
  60  5:34  Zergling x10  
  64  5:37  Overlord  
  64  5:45  Overlord  
  62  5:51  Roach x4  
  62  5:52  Roach  
  72  6:03  Roach x2  
  73  6:17  Roach x2  
  73  6:18  Roach x2  
  73  6:20  Zergling x8  
  73  6:21  Drone  
  80  6:28  Roach x2  
  80  6:30  Overlord  
  84  6:35  Drone  
  84  6:36  Drone x4  
  89  6:40  Extractor  
  89  6:41  Drone  
  89  6:42  Overlord  
  89  6:47  Overlord  
  89  6:50  Drone x3  
  89  6:53  Drone  
  93  6:56  Baneling x4  
  93  6:57  Baneling x2  
  93  7:02  Drone x3  
  92  7:19  Roach x4  
  87  7:26  Spine Crawler  
  87  7:28  Spine Crawler, Zergling x14  
  87  7:29  Zergling x4  
  92  7:33  Zergling x2  
  83  7:39  Roach x2  
  83  7:40  Roach  
  83  7:41  Lair  
  85  7:50  Spine Crawler x2, Extractor, Drone x2  
  84  7:57  Overlord  
  80  8:00  Drone  
  80  8:01  Drone x3  
  80  8:04  Extractor  
  83  8:07  Evolution Chamber  
  83  8:09  Evolution Chamber  
  81  8:14  Drone x3  
  81  8:15  Drone x3  
  81  8:19  Drone x2  
  89  8:38  Drone x4  
  89  8:40  Roach x3  
  89  8:41  Roach x4  
  107  8:52  Roach x3  
  107  8:55  Roach x3  
  119  8:59  Roach  
  121  9:04  Roach  
  112  9:18  Roach x6  
  112  9:21  Overlord  
  114  9:25  Overlord  
Show
View Real Time Build Order
Export as new Build Order

TheZergLord Zerg - Winner!

Build Orders: Hatch First, Zergling Baneling 

Get SALT Encoding   

  12  0:01  Drone  
  13  0:12  Overlord  
  13  0:18  Drone  
  14  0:31  Drone x2  
  14  0:34  Drone  
  17  0:52  Hatchery  
  17  0:55  Drone  
  17  1:08  Spawning Pool  
  17  1:10  Extractor  
  15  1:13  Drone  
  15  1:15  Drone  
  17  1:19  Drone  
  18  1:28  Drone  
  19  1:40  Overlord  
  19  1:56  Queen  
  19  1:57  Zergling x2  
  22  2:02  Drone  
  22  2:07  Queen  
  25  2:09  Drone  
  25  2:12  Metabolic Boost  
  25  2:13  Drone  
  27  2:16  Drone  
  27  2:22  Drone  
  29  2:25  Drone  
  30  2:32  Drone  
  30  2:36  Drone  
  32  2:45  Hatchery  
  31  2:52  Baneling Nest  
  31  2:53  Drone  
  31  2:56  Drone  
  31  2:59  Overlord  
  31  3:01  Zergling x2  
  32  3:06  Zergling x4  
  32  3:09  Zergling x2  
  35  3:13  Zergling x2  
  35  3:19  Zergling x6  
  39  3:20  Zergling x2  
  39  3:22  Zergling x2  
  41  3:39  Overlord x2  
  41  3:43  Drone x2  
  41  3:44  Drone  
  41  3:47  Baneling  
  41  3:48  Baneling x7  
  44  4:00  Drone x6  
  48  4:12  Roach Warren  
  41  4:29  Zergling x6  
  41  4:30  Zergling x10  
  48  4:37  Zergling x10  
  48  4:38  Zergling x2  
  55  4:44  Extractor  
  53  4:47  Baneling  
  53  4:48  Baneling x3  
  51  4:57  Zergling x2, Roach x3  
  51  4:58  Zergling x4  
  58  5:08  Roach  
  58  5:10  Overlord x3  
  60  5:34  Hatchery  
  58  5:37  Roach x7  
  72  5:47  Baneling x2  
  71  5:53  Drone x5  
  67  6:20  Drone x4  
  67  6:21  Drone  
  67  6:22  Extractor, Lair  
  71  6:28  Roach x2  
  71  6:29  Roach x2  
  79  6:34  Drone  
  79  6:36  Evolution Chamber  
  79  6:38  Drone  
  80  6:44  Roach  
  80  6:46  Baneling x3  
  82  6:49  Queen  
  82  6:53  Roach x2  
  88  6:54  Extractor, Roach  
  88  6:55  Zergling x2  
  88  6:57  Overlord x2  
  88  6:59  Baneling  
  80  7:23  Drone  
  80  7:24  Drone x10  
  80  7:27  Glial Reconstitution  
  90  7:33  Roach x3  
  90  7:34  Roach x2  
  90  7:39  Zerg Missile Weapons Level 1  
  91  7:44  Extractor, Roach x3  
  94  8:00  Drone  
  94  8:03  Roach x5  
  105  8:05  Overlord  
  105  8:06  Overlord x2  
  105  8:07  Overseer  
  105  8:26  Roach x8  
  123  8:27  Roach  
  123  8:34  Roach x2  
  123  8:35  Roach  
  129  8:48  Overlord x2  
  129  8:49  Overlord  
  129  9:04  Overlord x2  
  125  9:12  Roach  
  125  9:13  Roach x8  
  142  9:21  Roach x2  
  138  9:43  Ravager x4  
  138  9:44  Ravager x2  
Tags
 
Add a new tag
Caveats
  • Supply blocks, unpowered buildings, or Contaminate may cause inaccurate times.
  • Supply counts are checked every 10 seconds.